 Dungeon Crawl Stone Soup version 0.27.0-1-g7a089689b8 (webtiles) character file.

Game seed: 6365388248967524505

15 jasper the Magician (level 2, 0/19 HPs)
             Began as a Demonspawn Hedge Wizard on Aug 7, 2021.
             Slain by a jackal (2 damage)
             ... on level 1 of the Dungeon.
             The game lasted 00:01:04 (743 turns).

jasper the Magician (Demonspawn Hedge Wizard)        Turns: 743, Time: 00:01:06

Health: 0/19       AC:  2    Str: 10    XL:     2   Next: 34%
Magic:  6/6        EV: 12    Int: 15    God:
Gold:   15         SH:  0    Dex: 12    Spells: 7/8 levels left

rFire    . . .     SeeInvis .   a - +0 dagger
rCold    . . .     Faith    .   (no shield)
rNeg     . . .     Spirit   .   b - +0 robe
rPois    .         Reflect  .   c - +0 hat
rElec    .         Harm     .   (no cloak)
rCorr    .         Rampage  .   (no gloves)
Will     .....                  (no boots)
Stlth    ++........             (no amulet)
HPRegen  0.06/turn              (no ring)
MPRegen  0.10/turn              (no ring)

@: brilliant, weak-willed
A: talons 1
a: no special abilities


You were on level 1 of the Dungeon.
You visited 1 branch of the dungeon, and saw 1 of its levels.

You collected 15 gold pieces.

Inventory:

Hand Weapons
 a - a +0 dagger (weapon)
Armour
 b - a +0 robe (worn)
 c - a +0 hat (worn)


   Skills:
 - Level 1.7 Dodging
 - Level 1.7 Stealth
 + Level 3.7 Spellcasting
 - Level 1.0 Conjurations
 - Level 1.0 Summonings
 - Level 0.8 Translocations


You had 7 spell levels left.
You knew the following spells:

 Your Spells              Type           Power      Damage    Failure   Level
a - Magic Dart            Conj           32%        1d4       12%         1

Your spell library contained the following spells:

 Spells                   Type           Power      Damage    Failure   Level
 Summon Small Mammal      Summ           32%        N/A       12%         1
 Call Imp                 Summ           8%         N/A       19%         2
 Blink                    Tloc           N/A        N/A       21%         2
 Slow                     Hex            4%         N/A       28%         2
 Call Canine Familiar     Summ           8%         N/A       36%         3
 Conjure Flame            Conj/Fire      6%         6-21      41%         3
 Summon Guardian Golem    Hex/Summ       6%         N/A       41%         3
 Mephitic Cloud           Conj/Pois/Air  5%         N/A       43%         3


Dungeon Overview and Level Annotations

Branches:
Dungeon (1/15)

Altars:


Innate Abilities, Weirdness & Mutations

You have sharp toenails.


Message History

The magic dart hits the frilled lizard.
You kill the frilled lizard!
A frilled lizard comes into view.
You can't see any susceptible monsters within range! (Use Z to cast anyway.) Unknown command.
A frilled lizard is nearby!
The frilled lizard hisses angrily.
The frilled lizard unfolds its giant frill.
The magic dart hits the frilled lizard.
You kill the frilled lizard!
You can't see any susceptible monsters within range! (Use Z to cast anyway.) Unknown command. 2 jackals come into view.
There are monsters nearby!
The magic dart hits the jackal.
The jackal is moderately wounded.
The jackal barks! x2
A jackal comes into view.
The jackal misses you.
An endoplasm comes into view.
The endoplasm quivers.
The endoplasm freezes you.
You are frozen.
The jackal barks!
The endoplasm freezes you.
You are frozen.
You barely miss the jackal. Your kick misses the jackal.
The jackal barely misses you. The endoplasm barely misses you.
The jackal closely misses you. x2
As you read the scroll labelled ROONIWO MUVA, it crumbles to dust.
Magic quickly surges around you.
It was a scroll of vulnerability.
The jackal closely misses you. The endoplasm hits you. The jackal bites you.
It was a potion of brilliance.
You feel clever all of a sudden. The jackal bites you.
The endoplasm freezes you.
You are frozen.
* * * LOW HITPOINT WARNING * * *
The jackal bites you.
You die...

#. .. #. .## #.# .. #..
.# # ###..#.# ##### .#
.# #...# .....# #.#
.####.###.....####.#####
..............##.h.....#
.#......#..... #@J.....#
.#.#....# ... #h#.##..#
........# # #h#..#..#
.......†# #.##.#..#
.#..##.†########.......#
......................##
.##....#..#..#..#...###
.#####...###...###..#
..####....#..#..#...#


You could see an endoplasm (weak-willed) and 3 jackals.

Vanquished Creatures
  A ball python (D:1)
  2 bats (D:1)
  A giant cockroach (D:1)
  3 hobgoblins (D:1)
  3 kobolds (D:1)
  2 frilled lizards (D:1)
  2 rats (D:1)
14 creatures vanquished.

Notes
Turn   | Place    | Note
-------+----------+-------------------------------------------
     0 | D:1      | jasper the Demonspawn Hedge Wizard began the quest for the
                  | Orb.
     0 | D:1      | Reached XP level 1. HP: 13/13 MP: 4/4
   357 | D:1      | Gained mutation: You have sharp toenails. [demonic
                  | ancestry]
   357 | D:1      | Reached XP level 2. HP: 19/19 MP: 0/6
   743 | D:1      | Slain by a jackal

Illustrated notes

Levels and vault maps discovered:
D:1:      giann_wishing_wells, layout_loops_cross, minivault_5, nrook_campfire,
          minmay_strange_pillars

Action                   || total
-------------------------++-------
Melee: Dagger            ||    10
 Cast: Magic Dart        ||    29
  Use: Scroll            ||     1
       Potion            ||     1
Armor: Robe              ||     6
Dodge: Dodged            ||    17
